 Dungeon Crawl Stone Soup version 0.22-a0-362-g535178c (webtiles) character file.

6520 4thArraOfDagon the Arsonist (level 11, -2/71 HPs)
             Began as an Octopode Fire Elementalist on Apr 20, 2018.
             Was a High Priest of Elyvilon.
             Slain by a basilisk (6 damage)
             ... on level 10 of the Dungeon.
             The game lasted 00:23:22 (6369 turns).

4thArraOfDagon the Arsonist (OpFE)                  Turns: 6369, Time: 00:23:23

Health: -2/71      AC:  1    Str:  7    XL:     11   Next: 0%
Magic:  3/19       EV:  2    Int: 21    God:    Elyvilon [*****.]
Gold:   188        SH:  0    Dex: 13    Spells: 8/21 levels left

rFire    . . .     SeeInvis +   e - +0 dagger (venom)
rCold    . . .     Gourm    .   (no shield)
rNeg     + + +     Faith    .   (helmet restricted)
rPois    ∞         Spirit   .   (no amulet)
rElec    .         Reflect  .   u - ring of positive energy
rCorr    .         Harm     .   y - ring of see invisible
MR       .....                  (no ring)
Stlth    +++.......             (no ring)
HPRegen  0.21/turn              (no ring)
MPRegen  0.16/turn              (no ring)
                                (no ring)
                                (no ring)

@: petrified
A: almost no armour, stealthy swim, amphibious, 8 rings, constrict 8, camouflage
1, gelatinous body 1
a: Lesser Healing, Heal Other, Purification, Greater Healing, Divine Vigour,
Divine Protection, Renounce Religion


You were on level 10 of the Dungeon.
You worshipped Elyvilon.
Elyvilon was extremely pleased with you.
You were not hungry.

You visited 1 branch of the dungeon, and saw 10 of its levels.

You collected 318 gold pieces.
You spent 130 gold pieces at shops.

Inventory:

Hand Weapons
 d - a +0 dagger of draining
 e - a +0 dagger of venom (weapon)
 t - a +2 dagger of electrocution
Jewellery
 u - a ring of positive energy (left tentacle)
 y - a ring of see invisible (right tentacle)
Wands
 i - a wand of iceblast (5)
 m - a wand of polymorph (13)
 q - a wand of paralysis (28)
 C - a wand of enslavement (20)
Scrolls
 a - 5 scrolls of remove curse
 f - 4 scrolls of enchant armour {unknown}
 g - 3 scrolls of fog {unknown}
 l - 2 scrolls of blinking {unknown}
 r - a scroll of immolation {unknown}
 s - a scroll of teleportation
 v - a scroll of vulnerability {unknown}
 w - a scroll of acquirement {unknown}
 x - a scroll of holy word {unknown}
 D - a scroll of enchant weapon {unknown}
Potions
 c - 2 potions of lignification
 h - 5 potions of curing
 j - a potion of resistance
 k - 3 potions of berserk rage
 n - 3 potions of heal wounds
 o - 3 potions of brilliance
 p - a potion of ambrosia
 z - a potion of magic
 A - a potion of flight {unknown}
 B - a potion of mutation {unknown}
Comestibles
 b - 16 rations
 E - 4 chunks of flesh


   Skills:
 - Level 5.0 Fighting
 - Level 5.0 Dodging
 - Level 2.6 Stealth
 + Level 5.8 Spellcasting
 * Level 8.7 Conjurations
 * Level 9.2 Fire Magic
 + Level 6.0 Invocations


You had 8 spell levels left.
You knew the following spells:

 Your Spells              Type           Power        Failure   Level  Hunger
a - Flame Tongue          Conj/Fire      #####        1%          1    None
b - Conjure Flame         Conj/Fire      #####...     1%          3    ##.....
c - Sticky Flame          Conj/Fire      #####...     2%          4    ####...
d - Fireball              Conj/Fire      #####.....   7%          5    #####..


Dungeon Overview and Level Annotations

Branches:
Dungeon (10/15)            Temple (0/1) D:4            Lair (0/6) D:10
    Orc: D:9-12

Altars:
Ashenzari
Dithmenos
Elyvilon
Fedhas
Hepliaklqana
Kikubaaqudgha
Okawaru
Qazlal
Ru
Uskayaw
Xom
The Shining One

Shops:
D:4 ?   D:6 (   D:7 %

Annotations:
D:5 TheNamelessOne's ghost, novice OpEE


Innate Abilities, Weirdness & Mutations

You cannot wear most types of armour.
You are very stealthy in the water. (Stealth+)
You are amphibious.
You can wear up to eight rings at the same time.
You can use your tentacles to constrict eight enemies at once.
Your skin changes colour to match your surroundings (Stealth+).
Your rubbery body absorbs attacks. (AC +1, EV +1)


Message History

You feel your power leaking away. The yak gores you.
The eye of draining gazes at you.
You feel your power leaking away. The yak gores you! The yak gores you!
The yak gores you!! The yak gores you!
An ogre comes into view. It is wielding a giant club.
The yak gores you! The yak barely misses you. The yak gores you!
* * * LOW HITPOINT WARNING * * *
The yak barely misses you. The basilisk bites you.
* * * LOW HITPOINT WARNING * * *
The yak gores you!
* * * LOW HITPOINT WARNING * * *
The yak gores you!
* * * LOW HITPOINT WARNING * * *
A two-headed ogre comes into view. It is wielding two giant spiked clubs.
The yak gores you.
* * * LOW HITPOINT WARNING * * *
The basilisk bites you!
You die...

#..........#... #.########.#.#.
#.# #......#. #### #.# #.##.....
##... ########.# #.#######
#..... #......#.#####.#......
#.....######......#............#
...........#...lY.###....#####.#
...............Y@.'............#
....##.....#...Y..###....####..#
# #........#.#........#
#........#.#G.......#
#........#.#........#
#........#.#..O.#####
.....###...#.#....# ......
......#....O ##.... ##...#..


You could see a two-headed ogre (wandering), 3 yaks, an eye of draining, a
basilisk and an ogre.

Vanquished Creatures
  2 two-headed ogres (D:9)
  Pikel (D:9)
  Joseph (D:9)
  Psyche (D:9)
  Prince Ribbit (D:9)
  A spriggan (D:7)
  Sigmund (D:3)
  2 porcupines (D:10)
  2 ice beasts
  3 orc warriors
  2 phantoms
  3 ogres
  2 centaurs (D:8)
  A crocodile (D:10)
  A big kobold (D:8)
  5 bullfrogs
  4 scorpions
  A wyvern skeleton (D:7)
  3 howler monkeys
  5 crimson imps
  2 bullfrog skeletons
  A jelly (D:8)
  2 orc priests
  6 hounds
  Jessica (D:3)
  Natasha (thrice) (D:2)
  4 iguanas
  6 orc wizards
  A killer bee zombie (D:5)
  11 worker ants
  A howler monkey zombie (D:7)
  4 gnolls
  A howler monkey skeleton (D:8)
  8 adders
  2 shadow imps (D:5)
  2 oozes
  An adder skeleton (D:9)
  2 worms
  A dart slug (D:1)
  11 leopard geckos
  24 orcs
  3 giant cockroaches
  18 goblins
  9 hobgoblins
  3 jackals (D:3)
  4 quokkas
  9 bats
  5 frilled lizards
  12 kobolds
  A leopard gecko zombie (D:6)
  9 rats
209 creatures vanquished.

Vanquished Creatures (others)
  A swamp drake (shapeshifter) (D:9)
  2 slaves (D:9)
  A centaur (D:9)
  A howler monkey (D:9)
  An orc wizard (D:9)
  A jelly (D:9)
  2 orcs (D:9)
  A bush (D:10)
  A fire vortex (D:7)
  A fungus (D:10)
  2 plants (D:10)
14 creatures vanquished.

Grand Total: 223 creatures vanquished

Notes
Turn   | Place    | Note
-------+----------+-------------------------------------------
     0 | D:1      | 4thArraOfDagon the Octopode Fire Elementalist began the quest for the Orb.
     0 | D:1      | Reached XP level 1. HP: 11/11 MP: 3/3
    71 | D:2      | Reached XP level 2. HP: 12/17 MP: 0/5
   128 | D:2      | Noticed Natasha
   146 | D:2      | Killed Natasha
   146 | D:2      | Reached XP level 3. HP: 4/21 MP: 2/6
   160 | D:2      | Learned a level 3 spell: Conjure Flame
   164 | D:2      | Noticed a scorpion
   191 | D:2      | Killed a scorpion
   191 | D:2      | Reached skill level 4 in Fire Magic
   191 | D:2      | Reached XP level 4. HP: 3/27 MP: 0/7
   200 | D:2      | Learned a level 4 spell: Sticky Flame
   220 | D:2      | Noticed Natasha
   396 | D:4      | Found a white marble altar of Elyvilon.
   405 | D:4      | Became a worshipper of Elyvilon the Healer
   423 | D:4      | Reached XP level 5. HP: 25/31 MP: 7/9
   529 | D:4      | Noticed an ogre
   552 | D:4      | Killed an ogre
   552 | D:4      | Reached XP level 6. HP: 36/36 MP: 0/10
   674 | D:2      | Found a shadowy altar of Dithmenos.
   756 | D:1      | Reached skill level 1 in Invocations
  1034 | D:1      | Reached * piety under Elyvilon
  1206 | D:2      | Killed Natasha
  1216 | D:2      | Noticed Natasha
  1222 | D:2      | Killed Natasha
  1325 | D:3      | Found a hide-covered altar of Uskayaw.
  1328 | D:3      | Noticed a hand axe
  1330 | D:3      | Noticed a dagger
  1332 | D:3      | Noticed Sigmund
  1348 | D:3      | Killed Sigmund
  1348 | D:3      | Reached skill level 1 in Fighting
  1348 | D:3      | Reached skill level 5 in Fire Magic
  1348 | D:3      | Reached XP level 7. HP: 18/43 MP: 2/11
  1424 | D:2      | Found a shattered altar of Ashenzari.
  1447 | D:3      | Noticed Jessica
  1461 | D:3      | Killed Jessica
  1624 | D:3      | Found a faded altar of an unknown god.
  1818 | D:4      | Found an ancient bone altar of Kikubaaqudgha.
  1884 | D:4      | Found a stormy altar of Qazlal.
  1888 | D:4      | Reached ** piety under Elyvilon
  2018 | D:4      | Found a staircase to the Ecumenical Temple.
  2231 | D:4      | Reached XP level 8. HP: 44/50 MP: 7/13
  2240 | D:4      | Learned a level 5 spell: Fireball
  2332 | D:4      | Found Sicvaz's Magic Scroll Shoppe.
  2336 | D:4      | Bought a scroll of teleportation for 39 gold pieces
  2336 | D:4      | Bought a scroll of identify for 26 gold pieces
  2336 | D:4      | Bought a scroll of remove curse for 39 gold pieces
  2336 | D:4      | Bought 2 scrolls of random uselessness for 26 gold pieces
  2566 | D:4      | Reached *** piety under Elyvilon
  2621 | D:5      | Entered Level 5 of the Dungeon
  2676 | D:5      | Found a blossoming altar of Fedhas.
  2713 | D:5      | Found a shattered altar of Ashenzari.
  2720 | D:5      | Reached skill level 5 in Conjurations
  2849 | D:5      | Found an iron altar of Okawaru.
  2914 | D:5      | Reached skill level 6 in Fire Magic
  2969 | D:5      | Noticed TheNamelessOne's ghost (novice OpEE)
  3124 | D:5      | Reached **** piety under Elyvilon
  3296 | D:6      | Found Coenlim's Weapon Shoppe.
  3638 | D:6      | Reached XP level 9. HP: 14/57 MP: 2/15
  3761 | D:7      | Found a blossoming altar of Fedhas.
  3908 | D:7      | Reached skill level 7 in Fire Magic
  3937 | D:7      | Found Fihito's Food Shoppe.
  3940 | D:7      | Reached ***** piety under Elyvilon
  4164 | D:7      | Found a glowing golden altar of the Shining One.
  4532 | D:8      | Found a sacrificial altar of Ru.
  4707 | D:9      | Noticed Joseph
  4711 | D:8      | HP: 2/58 [orc priest/divine providence (11)]
  4839 | D:8      | Found a hazy altar of Hepliaklqana.
  4873 | D:8      | Found a shimmering altar of Xom.
  4895 | D:8      | Found a shimmering altar of Xom.
  5066 | D:9      | Noticed a two-headed ogre
  5078 | D:9      | Killed a two-headed ogre
  5078 | D:9      | Reached skill level 5 in Spellcasting
  5078 | D:9      | Reached skill level 8 in Fire Magic
  5078 | D:9      | Reached skill level 5 in Invocations
  5078 | D:9      | Reached XP level 10. HP: 22/65 MP: 8/17
  5109 | D:9      | Noticed Pikel
  5147 | D:9      | Killed Pikel
  5147 | D:9      | Reached skill level 5 in Dodging
  5201 | D:9      | Noticed Psyche
  5374 | D:9      | Killed Psyche
  5438 | D:9      | Noticed a two-headed ogre
  5453 | D:9      | Killed a two-headed ogre
  5536 | D:9      | Noticed a manticore
  5542 | D:9      | Noticed Prince Ribbit
  5564 | D:9      | Pacified a manticore
  5564 | D:9      | Reached skill level 5 in Fighting
  5625 | D:10     | Entered Level 10 of the Dungeon
  5630 | D:10     | Found a staircase to the Lair.
  5686 | D:9      | Killed Joseph
  5686 | D:9      | Reached skill level 9 in Fire Magic
  5699 | D:9      | Killed Prince Ribbit
  6253 | D:10     | Reached XP level 11. HP: 42/71 MP: 5/19
  6369 | D:10     | Noticed a two-headed ogre
  6369 | D:10     | Slain by a basilisk

Vault maps used:
D:1:      enne_arrival_octagon_isle, st_stairs_4
D:2:      lemuel_upstairs_altar, lemuel_doored_altar, first_ration, uniq_natasha
D:3:      dancing_weapons_uskayaw, chequers_ecumenical_altar_simple, uniq_robin,
          uniq_jessica, uniq_sigmund
D:4:      kiku_gazebo_pond_becter, nicolae_overflow_crystal_walls,
          elyvilon_altar_5, minmay_temple_entry_statues_fountains, serial_shops,
          shop
D:5:      cheibrodos_ashenzari_chains, fedhas_altar_4,
          lemuel_coloured_pillars_altar
D:6:      serial_shops, shop
D:7:      nicolae_tso_swordbearing_angel, serial_curves, eino_curves_01,
          eino_curves_03, eino_curves_01, serial_shops, shop, basic_altar,
          the_bakery
D:8:      xom_redecorated, old_standard_altar,
          nicolae_ru_great_annihilating_truth
D:9:      minmay_misc_feat_ornament, uniq_joseph, uniq_psyche, uniq_pikel,
          uniq_prince_ribbit1
D:10:     minmay_lair_entry_grove, orc_0_dummy, nicolae_transmutations_shop

Skill      XL: |  1  2  3  4  5  6  7  8  9 10 |
---------------+-------------------------------+-----
Conjurations   | 2 3 4 6 7 8 |  8.7
Fire Magic     | 4 5 6 8 9 |  9.2
Spellcasting   | 3 4 5 |  5.8
Invocations    | 1 2 3 5 6 |  6.0
Fighting       | 1 2 3 4 5 |  5.0
Dodging        | 3 4 5 |  5.0
Stealth        | |  2.6

Action                   |  1- 3 |  4- 6 |  7- 9 | 10-12 || total
-------------------------+-------+-------+-------+-------++-------
Melee: Unarmed           |     5 |       |       |       ||     5
       Constrict         |     3 |    18 |    46 |    12 ||    79
       Tentacles         |     2 |    12 |    30 |     8 ||    52
       Dagger            |     6 |    49 |   191 |    55 ||   301
 Cast: Flame Tongue      |    13 |    36 |   113 |    33 ||   195
       Sticky Flame      |       |     5 |    30 |    18 ||    53
       Conjure Flame     |       |     1 |     9 |     4 ||    14
Invok: Lesser Healing    |       |     1 |    16 |     5 ||    22
       Purification      |       |       |     1 |     1 ||     2
       Greater Healing   |       |       |       |     2 ||     2
       Heal Other        |       |       |       |     1 ||     1
  Use: Potion            |     1 |       |       |     1 ||     2
       Scroll            |       |       |     9 |     2 ||    11
 Stab: Sleeping          |       |     4 |    13 |       ||    17
  Eat: Chunk             |       |     3 |    21 |     9 ||    33
Armor: Skin              |     1 |     5 |    16 |     3 ||    25
Dodge: Dodged            |    11 |    26 |   152 |    45 ||   234

Table legend:
 A = Spawn XP
 B = Non-spawn XP
 C = Spawn XP percentage of total XP
 D = Spawn monster count
 E = Non-spawn monster count
 F = Spawn count percentage of total count
 G = Total turns spent on level
                    A         B        C        D         E        F      G
               +---------+---------+-------+---------+---------+-------+---------
         Total |       0 |    9029 |   0.0 |       0 |     210 |   0.0 |  6369
               +---------+---------+-------+---------+---------+-------+---------
           D:1 |       0 |      49 |   0.0 |       0 |      25 |   0.0 |   401
           D:2 |       0 |     212 |   0.0 |       0 |      19 |   0.0 |   702
           D:3 |       0 |     395 |   0.0 |       0 |      37 |   0.0 |   513
           D:4 |       0 |     651 |   0.0 |       0 |      22 |   0.0 |  1005
           D:5 |       0 |     564 |   0.0 |       0 |      17 |   0.0 |   581
           D:6 |       0 |     650 |   0.0 |       0 |      17 |   0.0 |   563
           D:7 |       0 |     791 |   0.0 |       0 |      14 |   0.0 |   688
           D:8 |       0 |     717 |   0.0 |       0 |      21 |   0.0 |   462
           D:9 |       0 |    4540 |   0.0 |       0 |      32 |   0.0 |  1173
          D:10 |       0 |     460 |   0.0 |       0 |       6 |   0.0 |   281
               +---------+---------+-------+---------+---------+-------+---------
